 Dungeon Crawl Stone Soup version 0.31-a0-188-g5e087ee2ca (webtiles) character file.

Game seed: 3245735786521593860

58 qw the Shooter (level 3, -1/20 HPs)
             Began as a Deep Elf Hunter on June 23, 2023.
             Succumbed to their own poison gas
             ... on level 2 of the Dungeon.
             The game lasted 00:00:25 (1390 turns).

qw the Shooter (Deep Elf Hunter)                    Turns: 1390, Time: 00:00:26

Health: -1/20      AC:  5    Str: 10    XL:     3   Next: 76%
Magic:  5/5        EV: 11    Int: 13    God:
Gold:   82         SH:  0    Dex: 18    Spells: 2/2 levels left

rFire   . . .        Y - +2 shortbow
rCold   + . .        (shield currently unavailable)
rNeg    . . .        d - +0 ring mail
rPois   .            (no helmet)
rElec   .            (no cloak)
rCorr   .            (no gloves)
SInv    .            (no boots)
Will    .....        (no amulet)
Stlth   +            b - ring of protection from cold
HPRegen 0.23/turn    (no ring)
MPRegen 0.09/turn

%: no passive effects
@: lethally poisoned (-1 -> -8)
A: no striking features
a: no special abilities


You were on level 2 of the Dungeon.
You visited 1 branch of the dungeon, and saw 2 of its levels.

You collected 82 gold pieces.


   Skills:
 - Level 1.5 Fighting
 + Level 7.2 Ranged Weapons
 - Level 2.4 Dodging
 - Level 1.2 Stealth


You had 2 spell levels left.
You didn't know any spells.
Your spell library was empty.

Inventory:

Hand Weapons
 Y - a +2 shortbow (weapon)
Armour
 d - a +0 ring mail (worn)
Jewellery
 b - a ring of protection from cold (left hand)
Potions
 c - a potion of attraction {unknown}
 f - a potion of brilliance {unknown}
 h - a potion of heal wounds
 k - a potion of cancellation {unknown}

Dungeon Overview and Level Annotations

Branches:
Dungeon (2/15)

Altars:


Message History

Enter note:
Enter note: Done exploring.
1383 ||| UPGRADING to ring of protection from cold.
b - a ring of protection from cold (left hand) Done exploring.
1384 ||| READING scroll labelled PYDYCH OSARPH.
The air fills with toxic fumes!
As you read the scroll labelled PYDYCH OSARPH, it crumbles to dust.
It was a scroll of poison.
Done exploring.
1385 ||| DRINKING 2 ruby potions.
It was a potion of heal wounds.
You feel much better.
Done exploring.
(D) Dungeon
Where to? (* - list waypoints, Enter - D:2, ? - help)
What level of the Dungeon? (default 1, ? - help) Sorry, I don't know how to get there.
Enter note:
Enter note:
Enter note:
Enter note:
Enter note:
Enter note:
Enter note:
Enter note:
Enter note: Really walk into that cloud of poison gas?
You are engulfed in poison gas.
You are lethally poisoned!
You feel very sick.
There is an open door here.
1387 ||| Stepping ~*~*~tactically~*~*~ (cloud).
You feel very sick.
There is a lethal amount of poison in your body!
You feel very sick.
There is a lethal amount of poison in your body!
You feel sick.
There is a lethal amount of poison in your body!
You die...

####### #...).# #.....# ######
#.....# #¤0¤¤# #.....# #¤0¤¤#
#.....# #¤0¤¤# ###
#..0¤¤####¤¤¤¤######## ..#
#..0¤¤¤¤¤¤@0¤¤+......# ..#
#..¤¤¤####¤¤¤¤######.# ..#
####'## #######.....##### ###
#.### #....#%#.......#
#.#.####.##.#.#####..##
#.#.#[...#........#..##
#.#.#..#......#.#.#...#
##########...........#.#.#.#.#.##
..............>...##.#.#<..#.#...


There were no monsters in sight!

Vanquished Creatures
  2 adders (D:2)
  A worm (D:2)
  2 bats (D:1)
  4 endoplasms
  2 giant cockroaches
  2 goblins (D:1)
  3 hobgoblins
  8 jackals (D:1)
  A ball python (D:2)
  3 frilled lizards
  3 kobolds
  3 rats
34 creatures vanquished.

Notes
Turn   | Place    | Note
-------+----------+-------------------------------------------
     0 | D:1      | qw the Deep Elf Hunter began the quest for the Orb.
     0 | D:1      | Reached XP level 1. HP: 12/12 MP: 3/3
     0 | D:1      | 0 ||| qw: Version: 0.3-a-9-g12657ce
     0 | D:1      | 0 ||| qw: Game counter: 3865
     0 | D:1      | 0 ||| qw: Always use a shield: true
     0 | D:1      | 0 ||| qw: God list: Okawaru
     0 | D:1      | 0 ||| qw: Allow faded altars: false
     0 | D:1      | 0 ||| qw: Do Orc after D:15 true
     0 | D:1      | 0 ||| qw: Do second Lair branch before Depths: true
     0 | D:1      | 0 ||| qw: Lair rune preference: random
     0 | D:1      | 0 ||| qw: Plans: Normal
     0 | D:1      | 0 ||| PLANNING D:1-11
   228 | D:1      | Reached XP level 2. HP: 16/16 MP: 4/4
   231 | D:1      | Reached skill level 6 in Ranged Weapons
   408 | D:1      | Found a faded altar of an unknown god.
   900 | D:1      | 900 ||| UPGRADING to +0 ring mail.
   910 | D:1      | 910 ||| DROPPING +0 leather armour.
   911 | D:1      | 911 ||| READING scroll labelled DIEHOSTUTH.
   912 | D:1      | 912 ||| READING scroll labelled DYOFOPR QEQUF.
   913 | D:1      | 913 ||| READING scroll labelled COIGRU ASYEMIT.
   914 | D:1      | 914 ||| READING scroll labelled QEBREECKEEN.
   915 | D:1      | 915 ||| DROPPING scroll of butterflies.
   967 | D:2      | Reached XP level 3. HP: 20/20 MP: 5/5
  1059 | D:2      | 1059 ||| READING scroll of enchant weapon.
  1059 | D:2      | 1059 ||| ENCHANTING +1 shortbow.
  1100 | D:2      | Reached skill level 7 in Ranged Weapons
  1383 | D:2      | 1383 ||| UPGRADING to ring of protection from cold.
  1384 | D:2      | 1384 ||| READING scroll labelled PYDYCH OSARPH.
  1385 | D:2      | 1385 ||| DRINKING 2 ruby potions.
  1387 | D:2      | 1387 ||| Stepping ~*~*~tactically~*~*~ (cloud).
  1388 | D:2      | HP: 3/20 [poisoned by you (poison gas)]
  1389 | D:2      | HP: 1/20 [poisoned by you (poison gas)]
  1390 | D:2      | Succumbed to their own poison gas

Levels and vault maps discovered:
D:1:      wander_arrival_peaceful_grave, layout_loops_corners,
          nicolae_ecumenical_lake_church
D:2:      layout_basic, hangedman_abyss_or_decor_lesser_grid

Skill      XL: |  1  2  3 |
---------------+----------+-----
Ranged Weapons | 6 7 |  7.2
Fighting       | |  1.5
Dodging        | |  2.4
Stealth        | |  1.2

Action                     || total
---------------------------++-------
   Fire: Shortbow          ||    81
    Use: Scroll            ||     6
         Potion            ||     1
 Armour: Leather armour    ||     8
  Dodge: Dodged            ||    11

Table legend:
 A = Non-vault XP
 B = Vault XP
 C = Vault XP percentage of total XP
 D = Non-vault monster count
 E = Vault monster count
 F = Vault count percentage of total count
                 A         B        C        D         E       F
            +---------+---------+-------+---------+---------+-------
      Total |      84 |       0 |   0.0 |      34 |       0 |   0.0
            +---------+---------+-------+---------+---------+-------
        D:1 |      39 |       0 |   0.0 |      23 |       0 |   0.0
        D:2 |      45 |       0 |   0.0 |      11 |       0 |   0.0
            +---------+---------+-------+---------+---------+-------
